 Dungeon Crawl Stone Soup version 0.23.2-40-g277498a001 (webtiles) character file.

Game seed: 6789336784022808851

24 DildoBatman the Magician (level 3, -1/24 HPs)
             Began as a Formicid Wizard on Oct 17, 2019.
             Slain by a jackal (2 damage)
             ... on level 1 of the Dungeon.
             The game lasted 00:02:18 (966 turns).

DildoBatman the Magician (Formicid Wizard)           Turns: 966, Time: 00:02:19

Health: -1/24      AC:  2    Str: 11    XL:     3   Next: 15%
Magic:  0/7        EV: 12    Int: 18    God:
Gold:   46         SH:  0    Dex:  9    Spells: 1/8 levels left

rFire    . . .     SeeInvis +   f - +0 club
rCold    . . .     Gourm    .   (no shield)
rNeg     . . .     Faith    .   a - +0 robe
rPois    .         Spirit   .   (helmet unavailable)
rElec    .         Reflect  .   (no cloak)
rCorr    .         Harm     .   (no gloves)
MR       .....                  (no boots)
Stlth    ++........             (no amulet)
HPRegen  0.08/turn              (no ring)
MPRegen  0.10/turn              (no ring)

@: no status effects
A: permanent stasis, dig shafts and tunnels, four strong arms, antennae 3
a: Dig, Shaft Self


You were on level 1 of the Dungeon.
You were not hungry.

You visited 1 branch of the dungeon, and saw 1 of its levels.

You collected 46 gold pieces.

Inventory:

Hand Weapons
 f - a +0 club (weapon)
Missiles
 c - 19 poisoned needles
 d - 54 stones (quivered)
 g - 22 sling bullets
 j - 23 bolts
Armour
 a - a +0 robe (worn)
Scrolls
 b - a scroll of amnesia {unknown}
 e - 4 scrolls of identify {unknown}
 i - a scroll of blinking {unknown}
 k - a scroll of magic mapping {unknown}
Comestibles
 h - 5 chunks of flesh
 v - 2 rations


   Skills:
 - Level 1.7 Dodging
 - Level 2.4 Stealth
 - Level 3.2 Spellcasting
 * Level 2.5 Conjurations
   Level 1.0 Summonings
   Level 0.8 Translocations


You had one spell level left.
You knew the following spells:

 Your Spells              Type           Power        Failure   Level  Hunger
a - Conjure Flame         Conj/Fire      #.......     28%         3    ###....
c - Magic Dart            Conj           ##..         5%          1    None
e - Mephitic Cloud        Conj/Pois/Air  #.......     32%         3    ###....

Your spell library contained the following spells:

 Spells                   Type           Power        Failure   Level  Hunger
 Call Imp                 Summ           #.......     16%         2    ##.....
 Slow                     Hex            #.......     24%         2    ##.....
 Blink                    Tloc           Unusable     N/A         2    N/A

Dungeon Overview and Level Annotations

Branches:
Dungeon (1/15)

Altars:


Innate Abilities, Weirdness & Mutations

You cannot be hasted, slowed, berserked, paralysed or teleported.
You can dig through walls and to a lower floor.
Your four strong arms can wield two-handed weapons with a shield.
You have a pair of large antennae on your head. (SInv)


Message History

The jackal closely misses you.
You hit the jackal.
You kill the jackal!
The jackal misses you.
You closely miss the jackal. The jackal misses you.
You closely miss the jackal. The jackal bites you.
The jackal closely misses you.
Some of the chunks of flesh in your inventory have rotted away.
Casting: Magic Dart (safe; 5% risk of failure)
Confirm with . or Enter, or press ? or * to list all spells.
Aiming: Magic Dart (safe; 5% risk of failure)
Press: ? - help, Shift-Dir - straight line, f - jackal
Aim: a jackal The magic dart hits the jackal.
The jackal is moderately wounded.
The jackal misses you. The jackal bites you.
You die...

# ..{.
+..##.#........ #
..hh
####........... #
{ #......⌠...⌠. #
# ##...⌠........ #
.$.#h####
#.........≈... #
"..h....#
#...⌠......... #
#.# #<.....≈.....≈
# { #h#
#...⌠......... #
#@# #.........≈...
#
#.####...⌠........
#
#....#......⌠...⌠.
#
####.##...........
#
###.#####........
#
#.......#########
# #.########## # {
######....÷.....#
#
........÷#######.#


You could see a jackal.

Vanquished Creatures
  A leopard gecko (D:1)
  A giant cockroach (D:1)
  2 goblins (D:1)
  2 hobgoblins (D:1)
  7 jackals (D:1)
  3 bats (D:1)
  A frilled lizard (D:1)
  2 kobolds (D:1)
  A rat (D:1)
20 creatures vanquished.

Notes
Turn   | Place    | Note
-------+----------+-------------------------------------------
     0 | D:1      | DildoBatman the Formicid Wizard began the quest for the
                  | Orb.
     0 | D:1      | Reached XP level 1. HP: 13/13 MP: 4/4
   100 | D:1      | Reached skill level 1 in Conjurations
   458 | D:1      | Reached XP level 2. HP: 19/19 MP: 1/6
   857 | D:1      | Reached XP level 3. HP: 14/24 MP: 0/7
   862 | D:1      | Learned a level 3 spell: Conjure Flame
   866 | D:1      | Learned a level 3 spell: Mephitic Cloud
   965 | D:1      | HP: 1/24 [jackal (3)]
   966 | D:1      | Slain by a jackal

Skill      XL: |  1  2 |
---------------+-------+-----
Conjurations   | 1 2 |  2.5
Dodging        | |  1.7
Stealth        | |  2.4
Spellcasting   | |  3.2
Summonings     | |  1.0
Translocations | |  0.8

Action                   || total
-------------------------++-------
Melee: Unarmed           ||     1
       Club              ||    28
 Cast: Magic Dart        ||    51
 Abil: Dig               ||     1
Armor: Robe              ||     6
Dodge: Dodged            ||    46
